 Dungeon Crawl Stone Soup version 0.20-a0-351-gc9b4002 (webtiles) character file.

109 siimphh the Skirmisher (level 4, -5/42 HPs)
             Began as a Hill Orc Monk on Dec 26, 2016.
             Slain by a river rat (7 damage)
             ... on level 3 of the Dungeon.
             The game lasted 00:10:56 (1868 turns).

siimphh the Skirmisher (Hill Orc Monk)              Turns: 1868, Time: 00:10:57

Health: -5/42      AC:  6    Str: 12 (14) XL:     4   Next: 89%
Magic:  4/4        EV: 12    Int:  8 (10) God:
Gold:   49         SH:  0    Dex: 10 (13) Spells: 3/3 levels left

rFire  . . .     SeeInvis .     a - +0 mace
rCold  . . .     Gourm    .     b - +0 robe
rNeg   . . .     Faith    .     (no shield)
rPois  .         Spirit   .     (no helmet)
rElec  .         Reflect  .     (no cloak)
rCorr  .         Harm     .     (no gloves)
MR     +....                    (no boots)
Stlth  ++........               (no amulet)
                                o - ring of protection from magic
                                g - +4 ring of protection

@: no status effects
A: no striking features
a: no special abilities


You were on level 3 of the Dungeon.
You were not hungry.

You visited 1 branch of the dungeon, and saw 3 of its levels.

You collected 49 gold pieces.

Inventory:

Hand Weapons
 a - a +0 mace (weapon)
 h - a +0 short sword
Armour
 b - a +0 robe (worn)
Jewellery
 g - a +4 ring of protection (left hand)
 o - a ring of protection from magic (right hand)
Scrolls
 r - a scroll of amnesia {unknown}
Potions
 d - a potion of invisibility
 j - a potion of flight
 m - a potion of brilliance
 p - a potion of lignification {unknown}
 s - a potion of heal wounds {unknown}
Comestibles
 c - 2 bread rations
 f - a chunk of flesh
 i - 3 fruits
 l - 2 meat rations
 q - a royal jelly


   Skills:
 + Level 5.1 Fighting
 + Level 0.4 Short Blades
 + Level 4.5 Maces & Flails
 - Level 2.6 Dodging
 - Level 1.6 Stealth


You had 3 spell levels left.
You didn't know any spells.

Dungeon Overview and Level Annotations

Branches:
Dungeon (3/15)

Altars:


Message History

* * * LOW HITPOINT WARNING * * *
You barely miss the river rat.
The river rat is lightly wounded.
The rat bites you.
* * * LOW HITPOINT WARNING * * *
The rat closely misses you.
The river rat bites you but does no damage.
You closely miss the river rat. The rat closely misses you.
The rat bites you but does no damage. The river rat bites you.
* * * LOW HITPOINT WARNING * * *
The rat bites you.
* * * LOW HITPOINT WARNING * * *
You closely miss the river rat. The rat barely misses you.
The river rat bites you but does no damage.
The rat closely misses you.
You hit the river rat but do no damage. The rat bites you.
* * * LOW HITPOINT WARNING * * *
The river rat barely misses you. The rat barely misses you. x2
You barely miss the river rat. The river rat bites you!
You die...

.≈≈≈≈≈. ..≈≈≈.. .......
# ....... #.#
#.....#######.##
#..............#
#..rr........#
#...@r.......##
#.............#
#.............#
#.............#######
...........#..#........
...........#..####.####
............#..# #.#
.############..####.####
............


You could see a river rat and 2 rats.

Vanquished Creatures
  Natasha (D:2)
  4 adders (D:2)
  2 dart slugs (D:1)
  3 leopard geckos (D:2)
  3 ball pythons
  4 bats (D:2)
  A giant cockroach (D:2)
  3 goblins
  4 hobgoblins
  4 jackals (D:2)
  2 quokkas (D:2)
  4 frilled lizards
  2 kobolds (D:2)
  6 rats
43 creatures vanquished.

Notes
Turn   | Place    | Note
-------+----------+-------------------------------------------
     0 | D:1      | siimphh the Hill Orc Monk began the quest for the Orb.
     0 | D:1      | Reached XP level 1. HP: 19/19 MP: 1/1
    52 | D:1      | Reached XP level 2. HP: 27/27 MP: 2/2
   299 | D:1      | Reached skill level 4 in Fighting
   702 | D:2      | Reached XP level 3. HP: 29/33 MP: 3/3
  1118 | D:2      | Reached XP level 4. HP: 29/41 MP: 4/4
  1351 | D:2      | Noticed Natasha
  1369 | D:2      | Killed Natasha
  1369 | D:2      | Reached skill level 5 in Fighting
  1867 | D:3      | HP: 2/42 [rat (1)]
  1868 | D:3      | Slain by a river rat

Vault maps used:
D:1:      dpeg_arrival_arbitrary_c
D:2:      uniq_natasha
D:3:      portal_sewer_entry_a

Skill      XL: |  1  2  3  4 |
---------------+-------------+-----
Fighting       | 4 5 |  5.1
Maces & Flails | 4 |  4.5
Short Blades   | |  0.4
Dodging        | |  2.6
Stealth        | |  1.6

Action                   |  1- 3 |  4- 6 || total
-------------------------+-------+-------++-------
Melee: Mace              |   100 |    63 ||   163
       Short sword       |    32 |       ||    32
  Use: Scroll            |     7 |       ||     7
       Potion            |     1 |     5 ||     6
 Stab: Sleeping          |     1 |     2 ||     3
  Eat: Chunk             |     1 |     2 ||     3
Armor: Robe              |    47 |    30 ||    77
Dodge: Dodged            |   131 |    74 ||   205
